Map: Backwater LE

Players

EGG

  • Race: Zerg Zerg
  • League: Grandmaster
  • Spawn Location: 11:00

JonSnow - Winner!

  • Race: Zerg Zerg
  • League: Master
  • Spawn Location: 5:00

VOD

Have the link to the VOD?

Description

Time

  • Played on: Feb. 1, 2018, 3:04 p.m.
  • Length: 9:59
Show
View Real Time Build Order
Export as new Build Order

EGG Zerg 

Build Orders: Hatch First 

Get SALT Encoding   

  12  0:01  Drone  
  13  0:12  Overlord  
  13  0:16  Drone  
  14  0:30  Drone x2  
  14  0:34  Drone  
  17  0:51  Hatchery  
  17  0:54  Drone  
  17  0:58  Drone  
  18  1:05  Extractor  
  17  1:12  Spawning Pool  
  17  1:15  Drone  
  17  1:19  Drone  
  18  1:28  Drone  
  19  1:38  Overlord  
  19  1:54  Drone  
  19  1:59  Queen  
  19  2:00  Zergling x2  
  23  2:03  Queen  
  23  2:04  Zergling x2  
  23  2:05  Metabolic Boost  
  26  2:11  Drone  
  26  2:15  Drone  
  28  2:22  Drone  
  29  2:25  Drone  
  30  2:36  Hatchery  
  29  2:38  Drone  
  29  2:41  Drone  
  31  2:50  Drone, Baneling Nest  
  32  2:51  Drone  
  30  3:07  Drone x3  
  30  3:10  Overlord  
  33  3:24  Drone x4, Overlord  
  36  3:29  Drone x2  
  38  3:36  Drone  
  38  3:37  Roach Warren  
  38  3:45  Extractor  
  38  3:46  Zergling x4  
  38  3:48  Evolution Chamber  
  38  3:51  Zergling x4  
  38  3:52  Zergling x4  
  42  3:58  Queen  
  44  4:04  Zergling x8  
  42  4:16  Queen, Baneling x3  
  39  4:25  Drone x2  
  39  4:26  Drone x2  
  39  4:30  Drone x2  
  43  4:31  Drone  
  44  4:40  Queen  
  44  4:43  Zerg Missile Weapons Level 1  
  46  4:48  Drone x2  
  46  4:49  Drone  
  48  5:01  Drone x3  
  48  5:02  Drone x3  
  54  5:08  Lair  
  54  5:15  Drone x2  
  54  5:16  Drone, Extractor  
  54  5:18  Overlord  
  56  5:25  Overlord  
  56  5:30  Drone x2  
  56  5:31  Overlord  
  56  5:34  Overlord  
  58  5:45  Drone  
  59  5:51  Drone x2  
  59  5:52  Drone x3  
  59  5:53  Roach x6  
  76  6:05  Glial Reconstitution  
  76  6:06  Roach  
  76  6:07  Roach x2  
  76  6:09  Extractor, Overlord  
  81  6:14  Hatchery  
  80  6:20  Drone  
  80  6:21  Drone  
  80  6:25  Roach x4  
  88  6:30  Overlord  
  88  6:31  Overlord  
  87  6:37  Extractor  
  87  6:38  Overlord  
  87  6:39  Overlord  
  85  6:41  Overlord  
  85  6:47  Overlord  
  85  6:51  Drone x2  
  85  6:52  Drone x3  
  85  6:53  Drone, Roach  
  94  6:55  Ravager x4  
  94  6:59  Roach x2  
  94  7:00  Zerg Missile Weapons Level 2  
  102  7:04  Roach x3  
  110  7:08  Roach  
  110  7:09  Roach  
  112  7:18  Roach  
  112  7:19  Roach x3  
  112  7:22  Extractor  
  119  7:24  Drone x2  
  119  7:25  Drone  
  119  7:26  Drone  
  119  7:28  Roach x2  
  119  7:29  Roach  
  129  7:30  Overlord  
  129  7:34  Queen  
  130  7:39  Drone  
  131  7:47  Extractor  
  131  7:48  Drone x3  
  131  7:49  Drone x2, Hydralisk Den  
  134  7:52  Roach x4  
  142  8:01  Spore Crawler  
  142  8:02  Spore Crawler  
  142  8:03  Spore Crawler  
  142  8:05  Spore Crawler  
  138  8:06  Spore Crawler  
  138  8:07  Spore Crawler  
  138  8:10  Pneumatized Carapace  
  133  8:19  Overlord  
  128  8:20  Roach x5  
  128  8:21  Roach x2  
  139  8:29  Roach x2  
  139  8:30  Spore Crawler  
  138  8:44  Roach x4  
  138  8:47  Unknown  
  122  8:51  Hydralisk x7  
  125  8:59  Ravager  
  125  9:01  Ravager  
  123  9:08  Spore Crawler  
  122  9:11  Hydralisk x3  
  122  9:15  Overlord x3  
  126  9:34  Roach  
  126  9:35  Roach x9  
  122  9:38  Roach  
  122  9:39  Roach  
  122  9:40  Roach  
Show
View Real Time Build Order
Export as new Build Order

JonSnow Zerg - Winner!

Build Orders: Hatch First 

Get SALT Encoding   

  12  0:00  Drone  
  13  0:12  Overlord  
  13  0:17  Drone  
  14  0:31  Drone x2  
  16  0:36  Drone  
  17  0:53  Hatchery  
  17  0:55  Drone  
  17  1:10  Spawning Pool  
  16  1:12  Drone  
  16  1:15  Drone  
  18  1:19  Extractor  
  18  1:21  Drone  
  18  1:28  Drone  
  19  1:40  Drone  
  20  1:56  Queen  
  20  1:59  Overlord  
  22  2:04  Queen  
  22  2:05  Zergling x2  
  25  2:12  Drone x2  
  27  2:19  Metabolic Boost  
  27  2:20  Drone  
  27  2:22  Drone  
  29  2:37  Hatchery  
  29  2:42  Queen  
  30  2:49  Overlord  
  30  2:53  Drone x2  
  30  3:06  Drone x4  
  34  3:15  Overlord  
  34  3:24  Zergling x12  
  39  3:29  Zergling x2  
  40  3:36  Zergling x2  
  42  3:41  Zergling x8  
  42  3:46  Zergling x2  
  46  3:52  Drone x5  
  46  3:54  Evolution Chamber  
  50  3:58  Drone  
  51  4:08  Drone x2  
  51  4:16  Drone x5, Roach Warren  
  49  4:19  Drone  
  49  4:23  Zerg Missile Weapons Level 1  
  50  4:29  Drone x4  
  49  4:39  Evolution Chamber  
  49  4:44  Extractor  
  47  4:50  Drone x4  
  47  4:51  Lair  
  47  4:52  Extractor  
  50  4:54  Drone x3  
  50  4:55  Drone x3  
  50  4:56  Roach  
  50  4:59  Overlord  
  58  5:04  Overlord  
  58  5:15  Overlord  
  58  5:18  Overlord  
  58  5:23  Roach x6  
  70  5:29  Drone x4  
  70  5:34  Drone x2  
  76  5:39  Overlord  
  76  5:41  Drone x2  
  78  5:46  Drone x5  
  78  5:47  Drone x2  
  78  5:48  Glial Reconstitution  
  78  5:49  Extractor  
  84  5:50  Overseer  
  84  5:53  Extractor  
  84  5:54  Drone, Extractor  
  83  5:57  Overlord x2  
  83  6:07  Spire  
  82  6:21  Drone x5  
  85  6:31  Overlord  
  85  6:32  Zerg Missile Weapons Level 2  
  84  6:38  Drone x3  
  84  6:39  Overlord  
  87  6:41  Roach x5  
  87  6:43  Overlord  
  87  6:44  Hatchery  
  96  6:50  Zerg Ground Armor Level 1  
  96  6:52  Roach x2  
  100  6:55  Zergling x2  
  101  7:02  Overlord  
  101  7:13  Overlord  
  101  7:16  Drone x5  
  101  7:20  Mutalisk x5  
  101  7:22  Overlord  
  116  7:24  Mutalisk, Hatchery  
  116  7:26  Baneling Nest  
  116  7:27  Drone  
  117  7:30  Mutalisk  
  117  7:33  Queen  
  117  7:36  Roach x2  
  117  7:37  Roach x2  
  129  7:43  Roach x4  
  137  7:55  Mutalisk  
  139  8:00  Roach x7  
  153  8:08  Roach x5  
  163  8:13  Overlord  
  163  8:18  Roach x2  
  167  8:22  Overlord x3  
  167  8:38  Roach x8  
  181  8:45  Roach  
  181  8:46  Roach x8  
  177  8:50  Roach x3  
  163  8:57  Roach x7  
  163  9:02  Roach  
  175  9:03  Roach x3  
  175  9:04  Ravager  
  175  9:06  Overlord  
  182  9:12  Ravager x2  
  182  9:14  Zergling x12  
  190  9:24  Roach  
  190  9:25  Roach x4  
  200  9:38  Roach x8  
Tags
 
Add a new tag
Caveats
  • Supply blocks, unpowered buildings, or Contaminate may cause inaccurate times.
  • Supply counts are checked every 10 seconds.